 Dungeon Crawl Stone Soup version 0.31-a0-844-gdc52ec4e09 (webtiles) character file.

Game seed: 834422780920787343

261 Flugkiller the Sneak (level 6, -2/38 HPs)
             Began as a Tengu Wanderer on Sept 28, 2023.
             Was an Elder of Uskayaw.
             Slain by a sleepcap (18 damage)
             ... on level 4 of the Dungeon.
             The game lasted 00:03:54 (2456 turns).

Flugkiller the Sneak (Tengu Wanderer)               Turns: 2456, Time: 00:03:55

Health: -2/38      AC:  8    Str: 11    XL:     6   Next: 18%
Magic:  7/7        EV:  2    Int:  9    God:    Uskayaw [****..]
Gold:   213        SH:  0    Dex: 20    Spells: 5/5 levels left

rFire   . . .        a - +2 dagger
rCold   . . .        (no shield)
rNeg    . . .        f - +0 leather armour
rPois   .            (helmet restricted)
rElec   .            (no cloak)
rCorr   +            d - +0 pair of gloves
SInv    .            (boots unavailable)
Will    .....        (no amulet)
Stlth   +++          p - +4 ring of protection
HPRegen 0.26/turn    r - ring of resist corrosion
MPRegen 0.10/turn

%: acrobat
@: sleeping
A: beak, talons 3, acrobatic
a: Renounce Religion, Stomp, Line Pass


You were on level 4 of the Dungeon.
You worshipped Uskayaw.
Uskayaw was noncommittal.
You visited 1 branch of the dungeon, and saw 4 of its levels.

You collected 213 gold pieces.

Inventory:

Hand Weapons
 a - a +2 dagger (weapon)
 c - a +0 short sword
 v - a +0 long sword
   (You found it on level 3 of the Dungeon)
Armour
 d - a +0 pair of gloves (worn)
 f - a +0 leather armour (worn)
 m - an orb of guile
   (You found it on level 2 of the Dungeon)
Jewellery
 p - a +4 ring of protection (left hand)
   (You found it on level 2 of the Dungeon)
 r - a ring of resist corrosion (right hand)
   (You found it on level 3 of the Dungeon)
Talismans
 j - a storm talisman
   (You found it on level 1 of the Dungeon)
 k - a beast talisman
   (You found it on level 1 of the Dungeon)
Scrolls
 b - a scroll of vulnerability
 g - a scroll of teleportation {unknown}
 n - a scroll of poison {unknown}
 t - a scroll of revelation {unknown}
 u - a scroll of amnesia {unknown}
Potions
 h - a potion of haste
 i - a potion of mutation {unknown}
 l - a potion of lignification {unknown}
 o - a potion of attraction
 q - a potion of curing {unknown}
 s - a potion of cancellation {unknown}
 w - a potion of heal wounds


   Skills:
 - Level 4.0 Fighting
 - Level 2.1 Short Blades
 - Level 4.0 Dodging
 - Level 4.0 Stealth
 + Level 2.8 Shapeshifting


You had 5 spell levels left.
You didn't know any spells.
Your spell library was empty.

Dungeon Overview and Level Annotations

Branches:
Dungeon (4/15) Zot: 21480
 Temple: D:4-7

Altars:
Ashenzari
Uskayaw
Vehumet
Zin


Innate Abilities, Weirdness & Mutations

You have a beak for a mouth.
You have claws for feet.
You can magically evade attacks while moving or waiting.


Message History

The sleepcap barely misses you.
You can now pass through a line of other dancers.
The black bear growls angrily.
You hit the sleepcap but do no damage.
You claw the sleepcap, but do no damage.
The sleepcap is heavily damaged.
The orc closely misses you.
The sleepcap releases spores at you but does no damage.
As you read the scroll of summoning, it crumbles to dust.
Wisps of shadow whirl around you... The orc barely misses you.
The orc hits your ball python with a +0 hand axe.
Your ball python dies!
Your ball python's corpse dissolves into shadows!
The orc barely misses your kobold. The sleepcap closely misses you.
Unknown command.
A hobgoblin comes into view.
Your kobold hits the orc with a +0 dagger.
Unknown command.
The black bear bites your kobold. The black bear claws your kobold.
Your kobold dies!
Your kobold's corpse dissolves into shadows!
The orc completely misses you. The sleepcap attacks as it pursues you!
The sleepcap misses you.
You can no longer pass through a line of other dancers.
You see here a scroll labelled KUXEDA AGGU.
The kobold misses you.
The black bear attacks as it pursues you!
The black bear completely misses you. The black bear misses you.
The black bear claws you but does no damage.
Unknown command.
The kobold barely misses you.
The black bear attacks as it pursues you!
The black bear closely misses you. The black bear completely misses you.
The black bear closely misses you. The kobold attacks as it pursues you!
The kobold completely misses you. The kobold attacks as it pursues you!
The kobold completely misses you. The kobold attacks as it pursues you!
The kobold completely misses you. The kobold attacks as it pursues you!
The kobold misses you. The kobold attacks as it pursues you!
The kobold barely misses you. The kobold attacks as it pursues you!
The kobold misses you.
You hit the kobold.
You kill the kobold!
You hit the black bear. You claw the black bear.
The black bear is moderately wounded.
The black bear bites you. The black bear barely misses you.
The black bear misses you.
You hit the black bear. You peck the black bear.
The black bear is heavily wounded.
The black bear bites you.
The black bear claws you but does no damage.
The black bear barely misses you.
You can now pass through a line of other dancers.
You hit the black bear but do no damage.
Your kick misses the black bear.
The black bear is heavily wounded.
The black bear bites you. The black bear claws you. The black bear misses you.
You hit the black bear. You claw the black bear.
You peck the black bear, but do no damage.
The black bear is severely wounded.
The black bear goes berserk!
You barely miss the black bear. Your kick misses the black bear.
You peck the black bear, but do no damage.
The black bear is severely wounded.
The black bear barely misses you. The black bear closely misses you. x2
You hit the black bear. Your kick misses the black bear.
You peck the black bear.
The black bear is almost dead.
The black bear bites you but does no damage.
The black bear barely misses you.
The black bear claws you but does no damage.
Uskayaw will force your foes to helplessly watch your dance.
Uskayaw prepares the audience for your solo!
The helpless black bear fails to defend itself.
You impale the black bear!!
You kill the black bear!
The sleepcap is no longer paralysed.
The hobgoblin is no longer paralysed.
Your Shapeshifting skill increases to level 2!
You have reached level 6!
You completely miss the hobgoblin. The hobgoblin misses you.
You hit the hobgoblin.
The hobgoblin is moderately wounded.
The hobgoblin hits you but does no damage.
You hit the hobgoblin but do no damage. Your kick misses the hobgoblin.
The hobgoblin is moderately wounded.
The hobgoblin hits you.
You hit the hobgoblin.
You claw the hobgoblin, but do no damage.
The hobgoblin is almost dead.
The hobgoblin completely misses you.
You hit the hobgoblin.
You kill the hobgoblin!
You hit the sleepcap. You claw the sleepcap. You peck the sleepcap.
The sleepcap is heavily damaged.
The sleepcap releases spores at you.
You are engulfed in a cloud of soporific spores!
You fall asleep.
Uskayaw will force your foes to share their pain.
Uskayaw links your audience in an emotional bond!
The sleepcap releases spores at you!!
You die...

##### #...#
##.#.#####
###........#
####...###....#####
#.?..#.# #.#...f@.#
....o..# #....o##.#
#..#.........#.# .#
#.....##.##........
..###.#...#.###.....
#.# .... .... .#....
..###.#...#. .......
...o..##.##...
........
.#.#.........#.


You could see a sleepcap (pain bonded) and an orc (pain bonded).

Vanquished Creatures
  A black bear (D:4)
  An orc priest (D:3)
  Jessica (D:2)
  5 adders
  2 worms
  A dart slug (D:3)
  4 orcs
  4 endoplasms
  5 giant cockroaches
  4 goblins
  3 hobgoblins
  5 kobolds
  4 quokkas (D:2)
  3 ball pythons
  7 bats
  2 frilled lizards
  5 rats (D:3)
57 creatures vanquished.

Notes
Turn   | Place    | Note
-------+----------+-------------------------------------------
     0 | D:1      | Flugkiller the Tengu Wanderer began the quest for the Orb.
     0 | D:1      | Flugkiller set off with the following items: a +2 dagger, a
                  | +0 short sword, a +0 pair of gloves, a +0 leather armour, a
                  | potion of haste, a potion of heal wounds.
     0 | D:1      | Reached XP level 1. HP: 12/12 MP: 2/2
   885 | D:2      | Reached XP level 2. HP: 18/18 MP: 3/3
  1038 | D:2      | Noticed Jessica
  1045 | D:2      | Killed Jessica
  1046 | D:2      | Reached XP level 3. HP: 23/23 MP: 4/4
  1193 | D:2      | Reached XP level 4. HP: 28/28 MP: 5/5
  1648 | D:3      | Found a radiant altar of Vehumet.
  1771 | D:3      | Found a hide-covered altar of Uskayaw.
  1785 | D:3      | Reached XP level 5. HP: 33/33 MP: 6/6
  1797 | D:3      | Reached skill level 1 in Shapeshifting
  1889 | D:3      | Found a glowing silver altar of Zin.
  1912 | D:3      | Found a broken altar of Ashenzari.
  1963 | D:3      | Became a worshipper of Uskayaw the Reveller
  1986 | D:3      | Reached * piety under Uskayaw
  2410 | D:4      | Noticed a black bear
  2422 | D:4      | Reached ** piety under Uskayaw
  2448 | D:4      | Reached *** piety under Uskayaw
  2449 | D:4      | Killed a black bear
  2450 | D:4      | Reached XP level 6. HP: 23/38 MP: 7/7
  2455 | D:4      | Reached **** piety under Uskayaw
  2456 | D:4      | Slain by a sleepcap

Illustrated notes

Levels and vault maps discovered:
D:1:      minmay_arrival_three_doors, layout_loops_ring, serial_bayou,
          serial_bayou_lagoon_b, serial_bayou_pond_c, serial_bayou_pond_e,
          serial_bayou_crossing, serial_bayou_lake_a, amcnicky_mini_pool_small,
          patterned_corridor
D:2:      layout_loops_ring, minmay_misc_feat_cross, uniq_jessica
D:3:      layout_loops_cross, nicolae_overflow_quartered_altars,
          chequers_serial_rivers_marsh
D:4:      minmay_razor_zed, layout_cave_pools, makhleb_blood_cavern_becter,
          moated_statue, minmay_fractal_squares_5, uniq_menkaure

Skill      XL: |  1  2  3  4  5 |
---------------+----------------+-----
Fighting       | 3 4 |  4.0
Dodging        | 3 4 |  4.0
Shapeshifting  | 2 |  2.8
Short Blades   | |  2.1
Stealth        | |  4.0

Action                     |  1- 3 |  4- 6 || total
---------------------------+-------+-------++-------
  Melee: Dagger            |    29 |    83 ||   112
         Kick              |     5 |    24 ||    29
         Peck              |     3 |    15 ||    18
         Punch             |     1 |       ||     1
    Use: Potion            |     1 |       ||     1
         Scroll            |       |     3 ||     3
   Stab: Sleeping          |     9 |    10 ||    19
         Paralysed         |       |     1 ||     1
 Armour: Leather armour    |     4 |    37 ||    41
  Dodge: Dodged            |    14 |    73 ||    87

Table legend: (Time is in decaauts)
 A = Elapsed time spent in this place.
 B = Non-inter-level travel time spent in this place.
 C = Inter-level travel time spent in this place.
 D = Time resting spent in this place.
 E = Time spent auto-exploring this place.
 F = Levels seen in this place.
 G = Mean time per level.
                   A        B        C        D        E       F      G
               +--------+--------+--------+--------+--------+-----+--------+
         Total |   2518 |   2173 |    345 |     37 |   1632 |   4 |  629.5 |
       Dungeon |   2518 |   2173 |    345 |     37 |   1632 |   4 |  629.5 |
               +--------+--------+--------+--------+--------+-----+--------+

Top non-repeatable levels by time:
     D:1: 931 daAuts
     D:3: 922 daAuts
     D:2: 602 daAuts
     D:4: 62 daAuts
